 Dungeon Crawl Stone Soup version 0.16.0-11-gd45b091 (console) character file.

1016 gw the Basher (level 8, 0/63 HPs)
             Began as a Minotaur Chaos Knight on Mar 18, 2015.
             Shot with an arrow of flame by a centaur (2 damage)
             ... on level 5 of the Dungeon.
             The game lasted 00:04:52 (5731 turns).

gw the Basher (Minotaur Chaos Knight)               Turns: 5731, Time: 00:04:52

Health: 0/63       AC:  4    Str: 18    XL:     8   Next: 1%
Magic:  3/3        EV:  2    Int:  7    God:    Xom [*.....]
Gold:   254        SH:  0    Dex: -1 (11) Spells: 0 memorised, 7 levels left

rFire  . . .     SeeInvis .     b - +1 flail (drain)
rCold  + . .     Clarity  .     f - +0 ring mail
rNeg   . . .     SustAb   .     (no shield)
rPois  +         Gourm    .     (helmet restricted)
rElec  .         Spirit   .     (no cloak)
rCorr  .         Warding  .     (no gloves)
rMut   +         Stasis   .     v - +0 pair of boots
MR     .....                    n - amulet of resist mutation
Stlth  ..........               t - ring of poison resistance
                                g - ring of protection from cold

@: lost dexterity, very slow, not resistant to hostile enchantments, extremely
unstealthy
A: retaliatory headbutt, fangs 1, horns 2, deformed body, dopey 1, frail 1,
regeneration 1
a: Renounce Religion


You were on level 5 of the Dungeon.
You worshipped Xom.
You were a special plaything of Xom.
You were not hungry.

You visited 1 branch of the dungeon, and saw 5 of its levels.

You collected 254 gold pieces.

Inventory:

Hand weapons
 b - a +1 flail of draining (weapon)
Missiles
 i - 90 stones (quivered)
 m - 19 poisoned needles
Armour
 f - a +0 ring mail (worn)
 v - a +0 pair of boots (worn)
Jewellery
 g - a ring of protection from cold (left hand)
 n - an amulet of resist mutation (around neck)
 t - a ring of poison resistance (right hand)
Magical devices
 a - a wand of polymorph (11)
 s - a wand of digging (10)
Scrolls
 e - a scroll of recharging
 j - 3 scrolls of identify
 l - a scroll of enchant weapon {unknown}
 q - 3 scrolls of remove curse
Potions
 k - a potion of cancellation
 o - a potion of curing
Comestibles
 c - 3 bread rations
 d - 4 meat rations
 h - 3 fruits
 r - a beef jerky


   Skills:
 + Level 6.0 Fighting
 * Level 8.1 Maces & Flails
 + Level 3.8 Throwing
 + Level 5.4 Armour
 - Level 1.1 Dodging


You had 7 spell levels left.
You didn't know any spells.

Dungeon Overview and Level Annotations

Branches:
Dungeon (5/15)
 Temple: D:4-7

Altars:
Dithmenos
Makhleb
Trog
Xom


Innate Abilities, Weirdness & Mutations

You reflexively headbutt those who attack you in melee.
You have a pair of horns on your head.
You have very sharp teeth.
Armour fits poorly on your strangely shaped body.
You are dopey. (Int -2)
You are frail (-10% HP).
Your natural rate of healing is unusually fast.


Message History

Unknown command.
Unknown command.
Unknown command.
Unknown command.
ATTACK MOVE TO (0,1)
The centaur shoots an arrow of flame.
The arrow of flame hits you. The arrow of flame burns you.
The centaur shoots an arrow of flame.
The arrow of flame hits you! The arrow of flame burns you.
The centaur drinks a potion.
The centaur seems to speed up.
You see here 2 arrows of flame.
Unknown command.
Unknown command.
Unknown command.
Unknown command.
ATTACK MOVE TO (0,1)
The centaur shoots an arrow of flame.
The arrow of flame hits you! The arrow of flame burns you.
The centaur shoots an arrow of flame.
The arrow of flame hits you.
You die...
Xom chortles!

...........##
.......###..##
.>.....#
##..##
.......#
##..##
.......#
##..##
.......#
###.##
...#####
####(#### ####
##...(...##
#....H....#
#..........#
#..........#
#..........#
##.c.......#
......
#.........#
.....
#...?....#
.....
#........
..... ...


You could see a centaur.

Table legend:
 A = Turns spent in this place as a percentage of turns spent in the entire game.
 B = Non-inter-level travel turns spent in this place as a percentage of non-inter-level travel turns spent in the entire game.
 C = Inter-level travel turns spent in this place as a percentage of turns spent in this place.
 D = Turns resting spent in this place as a percentage of non-inter-level travel turns spent in this place.
 E = Turns spent auto-exploring this place as a percentage of non-inter-level travel turns spent in this place.
 F = Non-inter-level travel turns spent in this place divided by the number of levels of this place that you've seen.
                   A       B       C       D       E      F
               +-------+-------+-------+-------+-------+----------------------
         Total | 100.0 | 100.0 |   0.5 |   1.2 |   2.6 | 1611.4
       Dungeon | 100.0 | 100.0 |   0.5 |   1.2 |   2.6 | 1611.4
               +-------+-------+-------+-------+-------+----------------------

Table legend:
 A = Kills in this place as a percentage of kills in entire the game.
 B = Kills by you in this place as a percentage of kills by you in the entire game.
 C = Kills by friends in this place as a percentage of kills by friends in the entire game.
 D = Other kills in this place as a percentage of other kills in the entire game.
 E = Experience gained in this place as a percentage of experience gained in the entire game.
 F = Experience gained in this place divided by the number of levels of this place that you have seen.
                   A       B       C       D       E      F
               +-------+-------+-------+-------+-------+----------------------
         Total | 100.0 | 100.0 | 100.0 |  -nan | 100.0 | 290.4
       Dungeon | 100.0 | 100.0 | 100.0 |  -nan | 100.0 | 290.4
               +-------+-------+-------+-------+-------+----------------------

Vanquished Creatures
  A sky beast (D:5)
  A phantom (D:5)
  Blork the orc (D:4)
  An elf skeleton (D:5)
  2 quasits (D:5)
  A crimson imp (D:5)
  A human zombie (D:5)
  An orc priest (D:4)
  A giant frog skeleton (D:5)
  2 orc wizards (D:4)
  A human skeleton (D:5)
  2 worker ants (D:4)
  Robin (D:4)
  4 adders
  4 giant mites
  A worm (D:2)
  2 adder skeletons (D:5)
  9 giant geckos
  An ooze (D:2)
  5 orcs
  A bat skeleton (D:4)
  7 giant cockroaches
  16 goblins
  11 hobgoblins
  7 jackals
  9 kobolds
  A quokka (D:5)
  A ball python (D:4)
  12 bats
  A giant gecko zombie (D:5)
  A giant newt (D:4)
  A giant spore (D:4)
  2 orc skeletons (D:5)
  An orc zombie (D:5)
  8 rats
  2 ballistomycetes (D:4)
123 creatures vanquished.

Vanquished Creatures (collateral kills)
  Grinder (D:3)
  Sigmund (D:3)
  An orc wizard (D:4)
  Ijyb (D:3)
  An ooze (D:3)
  2 kobolds (D:3)
  2 rats (D:3)
9 creatures vanquished.

Vanquished Creatures (others)
  5 toadstools (D:1)
5 creatures vanquished.

Grand Total: 137 creatures vanquished

Notes
Turn   | Place    | Note
--------------------------------------------------------------
     0 | D:1      | gw, the Minotaur Chaos Knight, began the quest for the Orb.
     0 | D:1      | Reached XP level 1. HP: 19/19 MP: 1/1
    43 | D:1      | XOM: silly message
   269 | D:1      | Reached XP level 2. HP: 27/27 MP: 1/1
   271 | D:1      | XOM: smoke on damage
   548 | D:1      | XOM: divination: detect creatures
   553 | D:1      | Reached skill level 4 in Maces & Flails
   762 | D:1      | XOM: divination: detect creatures
   844 | D:1      | XOM: harmless Pois miscast
   914 | D:1      | Reached XP level 3. HP: 33/33 MP: 2/2
  1149 | D:1      | XOM: vitrification
  1156 | D:1      | XOM: scenery: create altars
  1234 | D:2      | Reached skill level 1 in Throwing
  1310 | D:2      | XOM: god gift: 33 gold pieces
  1527 | D:2      | XOM: noise
  1581 | D:2      | XOM: harmless Ice miscast
  1615 | D:2      | Found a burning altar of Makhleb.
  1650 | D:2      | Found a bloodstained altar of Trog.
  2093 | D:3      | Noticed Grinder
  2095 | D:3      | XOM: summons 3 friendly demons
  2100 | D:3      | XOM: smoke on damage
  2101 | D:3      | Killed Grinder
  2101 | D:3      | Reached skill level 5 in Maces & Flails
  2101 | D:3      | Reached XP level 4. HP: 28/41 MP: 2/2
  2101 | D:3      | Reached XP level 5. HP: 32/47 MP: 2/2
  2218 | D:3      | XOM: polymorph orc -> giant gecko
  2438 | D:3      | Reached XP level 6. HP: 50/55 MP: 3/3
  2486 | D:3      | Noticed Sigmund
  2487 | D:3      | Noticed Ijyb
  2491 | D:3      | Killed Sigmund
  2495 | D:3      | Killed Ijyb
  2495 | D:3      | Reached skill level 6 in Maces & Flails
  2578 | D:3      | XOM: colour smoke trail
  2663 | D:3      | XOM: harmless Pois miscast
  2947 | D:4      | Noticed Blork the orc
  2952 | D:4      | Reached skill level 5 in Fighting
  2954 | D:4      | Killed Blork the orc
  3110 | D:4      | Noticed Robin
  3120 | D:4      | Killed Robin
  3126 | D:4      | XOM: divination: magic mapping
  3129 | D:4      | XOM: smoke on damage
  3141 | D:4      | XOM: divination: magic mapping
  3308 | D:4      | XOM: medium Ice miscast
  3509 | D:4      | XOM: summons friendly iron imp
  3513 | D:4      | Reached XP level 7. HP: 51/61 MP: 3/3
  3522 | D:4      | Reached skill level 7 in Maces & Flails
  3667 | D:4      | XOM: 3-stop teleportation journey
  3832 | D:4      | Found a shadowy altar of Dithmenos.
  4221 | D:4      | XOM: silly message
  4260 | D:4      | XOM is BORED!
  4260 | D:4      | XOM: medium Pois miscast
  4316 | D:4      | XOM: give mutations
  4316 | D:4      | Gained mutation: Your natural rate of healing is unusually fast. [Xom's mischief]
  4316 | D:4      | Gained mutation: You are dopey. (Int -2) [Xom's mischief]
  4351 | D:4      | XOM: give mutations
  4351 | D:4      | Gained mutation: Armour fits poorly on your strangely shaped body. [Xom's mischief]
  4351 | D:4      | Gained mutation: You have very sharp teeth. [Xom's mischief]
  4351 | D:4      | Gained mutation: You are frail (-10% HP). [Xom's mischief]
  4749 | D:4      | XOM: harmless Tloc miscast
  4847 | D:5      | Entered Level 5 of the Dungeon
  4941 | D:5      | XOM: harmless Trmt miscast
  4969 | D:5      | Reached skill level 5 in Armour
  4981 | D:5      | XOM is BORED!
  4981 | D:5      | XOM: mild Hex miscast
  5056 | D:5      | XOM: mild Summ miscast
  5163 | D:5      | Found a sand-covered staircase.
  5230 | D:5      | XOM: medium Necr miscast
  5383 | D:5      | XOM: harmless Chrm miscast
  5428 | D:5      | Reached skill level 8 in Maces & Flails
  5480 | D:5      | XOM: summons 3 hostile demons
  5496 | D:5      | Lost dexterity.
  5694 | D:5      | Reached XP level 8. HP: 59/63 MP: 3/3
  5731 | D:5      | HP: 2/63 [centaur/arrow of flame (5)]
  5731 | D:5      | Shot with an arrow of flame by a centaur

Action                   |  1- 3 |  4- 6 |  7- 9 || total
-------------------------+-------+-------+-------++-------
Melee: Mace              |    96 |     1 |       ||    97
       Flail             |       |    52 |    97 ||   149
Throw: Stone             |    96 |     8 |    52 ||   156
       Tomahawk          |       |    32 |    37 ||    69
  Use: Potion            |     7 |     1 |     4 ||    12
       Scroll            |     7 |     1 |       ||     8
  Eat: Chunk             |     4 |     4 |     5 ||    13
       Bread ration      |       |       |     1 ||     1

Vault maps used:
D:1:      ldierk_walled_garden, minmay_close_crescents
D:2:      lemuel_crystal_altar, old_standard_altar
D:3:      uniq_grinder, uniq_sigmund, uniq_iyjb
D:4:      kennysheep_mini_moat, gup_sewer_entry_pipe, first_bread, uniq_robin,
          uniq_blork_the_orc
D:5:      lemuel_upstairs_altar, nicolae_ossuary_entry_catacombs
